 Dungeon Crawl Stone Soup version 0.25-a0-681-gdf4e720381 (webtiles) character file.

Game seed: 12498405458906133837, levelgen mode: deterministic

87 DasRunzen the Sneak (level 4, -2/30 HPs)
             Began as an Octopode Assassin on Mar 30, 2020.
             Slain by a goblin (5 damage)
             ... led by Robin
             ... on level 3 of the Dungeon.
             The game lasted 00:03:57 (1125 turns).

DasRunzen the Sneak (Octopode Assassin)             Turns: 1125, Time: 00:03:57

Health: -2/30      AC:  1    Str: 10    XL:     4   Next: 51%
Magic:  4/4        EV: 13    Int: 13    God:
Gold:   52         SH:  0    Dex: 14    Spells: 3/3 levels left

rFire    . . .     SeeInvis .   a - +2 dagger
rCold    . . .     Gourm    .   (no shield)
rNeg     . . .     Faith    .   g - +0 hat
rPois    .         Spirit   .   (no amulet)
rElec    .         Reflect  .   (no ring)
rCorr    .         Harm     .   (no ring)
MR       .....                  (no ring)
Stlth    ++++......             (no ring)
HPRegen  0.10/turn              (no ring)
MPRegen  0.09/turn              (no ring)
                                (no ring)
                                (no ring)

@: no status effects
A: almost no armour, stealthy swim, amphibious, 8 rings, constrict 8, camouflage
1, gelatinous body 1
a: no special abilities


You were on level 3 of the Dungeon.
You were hungry.

You visited 1 branch of the dungeon, and saw 3 of its levels.

You collected 52 gold pieces.

Inventory:

Hand Weapons
 a - a +2 dagger (weapon)
Missiles
 b - 4 poisoned darts (quivered)
 c - 2 curare-tipped darts
Armour
 g - a +0 hat (worn)
Scrolls
 i - a scroll of teleportation
Potions
 e - 2 potions of lignification
 h - a potion of ambrosia
 j - a potion of curing {unknown}
 l - a potion of experience {unknown}
Comestibles
 d - 4 rations


   Skills:
 + Level 2.9 Fighting
 + Level 2.8 Short Blades
 - Level 2.0 Throwing
 + Level 2.1 Dodging
 + Level 6.0 Stealth


You had 3 spell levels left.
You didn't know any spells.
Your spell library was empty.

Dungeon Overview and Level Annotations

Branches:
Dungeon (2/15)

Altars:


Innate Abilities, Weirdness & Mutations

You cannot wear most types of armour.
You are very stealthy in the water. (Stealth+)
You are amphibious.
You can wear up to eight rings at the same time.
You can use your tentacles to constrict eight enemies at once.
Your skin changes colour to match your surroundings (Stealth+).
Your rubbery body absorbs attacks. (AC +1, EV +1)


Message History

You hit Robin.
Robin is moderately wounded.
You constrict Robin. Robin hits you with a +0 mace.
* * * LOW HITPOINT WARNING * * *
You hit Robin.
Robin is moderately wounded.
You constrict Robin.
Robin's bangles clink loudly.
Robin closely misses you.
You hit Robin.
Robin is heavily wounded.
You constrict Robin, but do no damage.
The hobgoblin no longer looks unusually strong.
You hit Robin but do no damage.
Robin is heavily wounded.
You constrict Robin.
Robin struggles to escape constriction.
You hit Robin. You squeeze Robin.
You kill Robin!
The goblin hits you.
You die...

########.# #g#
#)#
#######g#######
#........g..).#
#.#####.#####.#
#.# #.# #g# #.#
#.#####g#######
#.#
#....g@...(...#
### #.#
#######.#####.##
#.## #.# #.#
#...#####.## #.#
#.# #.......#.##
#.# #.#
#.).###.....
#.###########(#
##### ###.##
#...........(.#
#.##
###############
#... ####


You could see a hobgoblin and 2 goblins.

Vanquished Creatures
  Jessica (D:3)
  Robin (D:3)
  A gnoll (D:1)
  An adder (D:2)
  An ooze (D:1)
  A leopard gecko (D:1)
  A ball python (D:3)
  2 bats (D:1)
  7 goblins
  6 hobgoblins
  A kobold (D:1)
  3 rats
26 creatures vanquished.

Vanquished Creatures (others)
  5 toadstools (D:1)
5 creatures vanquished.

Grand Total: 31 creatures vanquished

Notes
Turn   | Place    | Note
-------+----------+-------------------------------------------
     0 | D:1      | DasRunzen the Octopode Assassin began the quest for the
                  | Orb.
     0 | D:1      | Reached XP level 1. HP: 14/14 MP: 1/1
   294 | D:1      | Reached XP level 2. HP: 17/19 MP: 2/2
   583 | D:1      | Reached XP level 3. HP: 25/25 MP: 3/3
   837 | D:2      | Found a faded altar of an unknown god,
   973 | D:2      | You fall into a shaft and drop 1 floor!
   992 | D:3      | Noticed Jessica
   997 | D:3      | Killed Jessica
   997 | D:3      | Reached XP level 4. HP: 30/30 MP: 4/4
  1084 | D:3      | Noticed Robin
  1096 | D:3      | Reached skill level 6 in Stealth
  1125 | D:3      | Killed Robin
  1125 | D:3      | Slain by a goblin

Levels and vault maps discovered:
D:1:      ldierk_walled_garden, layout_basic
D:2:      layout_loops_ring, yredelemnul_altar_generic,
          nicolae_qazlal_general_emergency, chequers_ecumenical_altar_simple,
          kennysheep_path_1, minmay_crystal_room, uniq_crazy_yiuf_cottage,
          uniq_natasha
D:3:      layout_loops_ring, lemuel_zombie_altar_kikubaaqudgha, uniq_robin,
          uniq_jessica

Skill      XL: |  1  2  3  4 |
---------------+-------------+-----
Dodging        | 2 |  2.1
Stealth        | 6 |  6.0
Fighting       | |  2.9
Short Blades   | |  2.8
Throwing       | |  2.0

Action                   |  1- 3 |  4- 6 || total
-------------------------+-------+-------++-------
Melee: Dagger            |    28 |    25 ||    53
       Tentacles         |     8 |     3 ||    11
       Constrict         |     5 |     5 ||    10
Throw: Dart              |       |     4 ||     4
  Use: Scroll            |     5 |       ||     5
 Stab: Sleeping          |     5 |       ||     5
Armor: Skin              |       |     2 ||     2
Dodge: Dodged            |     8 |     7 ||    15

Table legend:
 A = Non-vault XP
 B = Vault XP
 C = Vault XP percentage of total XP
 D = Non-vault monster count
 E = Vault monster count
 F = Vault count percentage of total count
                 A         B        C        D         E       F
            +---------+---------+-------+---------+---------+-------
      Total |      59 |      66 |  52.8 |      17 |       9 |  34.6
            +---------+---------+-------+---------+---------+-------
        D:1 |      37 |       0 |   0.0 |      11 |       0 |   0.0
        D:2 |      18 |       0 |   0.0 |       4 |       0 |   0.0
        D:3 |       4 |      66 |  94.3 |       2 |       9 |  81.8
            +---------+---------+-------+---------+---------+-------
